 Dungeon Crawl Stone Soup version 0.31-a0-654-gbe3e110b4e (webtiles) character file.

Game seed: 12503621652970265084

81664 Turgor the Metamorph (level 15, -16/273 HPs)
             Began as a Troll Shapeshifter on Aug 24, 2023.
             Was an Elder of Uskayaw.
             Demolished by a skeletal warrior
             ... wielding a +0 glaive
              (19 damage)
             ... on level 12 of the Dungeon on Aug 29, 2023.
             The game lasted 01:44:01 (16699 turns).

Turgor the Metamorph (Troll Shapeshifter)          Turns: 16699, Time: 01:44:02

Health: -16/273    AC: 12    Str: 40    XL:     15   Next: 27%
Magic:  16/19      EV: 12    Int:  8    God:    Uskayaw [****..]
Gold:   2674       SH:  0    Dex: 10    Spells: 14/14 levels left

rFire   . .          .
                       - Unarmed
rCold   . . .        (shield currently unavailable)
rNeg    . . .        K - melded +1 ice dragon scales
rPois   .            (helmet currently unavailable)
rElec   .            I - melded +0 cloak {rPois}
rCorr   .            (gloves unavailable)
SInv    .            (boots unavailable)
Will    +....        f - amulet of regeneration Stlth
                     B - +6 ring of strength
HPRegen 2.25/turn    (no ring)
MPRegen 0.16/turn

%: no passive effects
@: berserking, snake-form, very quick
A: constrict, boosted hp, large, unfitting armour, (claws 3), regeneration 1,
(shaggy fur 1), (tough skin 1)
a: Begin Untransformation, Renounce Religion, Stomp, Line Pass


You were on level 12 of the Dungeon.
You worshipped Uskayaw.
Uskayaw was noncommittal.
You were an enormous anaconda.
You visited 3 branches of the dungeon, and saw 18 of its levels.
You also visited: Ossuary and Ice Cave.

You collected 2674 gold pieces.

Inventory:

Hand Weapons
 U - a +0 demon whip of venom
Missiles
 u - 49 poisoned darts (quivered)
 C - 6 throwing nets
 J - 2 curare-tipped darts
 Z - 5 large rocks
Armour
 p - a +0 pair of boots
 H - the +7 shadow dragon scales of Divine Wonder {rCorr MP+9 Int+2 Stlth++++}
   (You acquired it on level 5 of the Lair of Beasts)

   Int+2:     It affects your intelligence (+2).
   MP+9:      It affects your magic capacity (+9).
   rCorr:     It protects you from acid and corrosion.
   Stlth++++: It makes you much more stealthy.
 I - a +0 cloak of poison resistance (melded)
 K - +1 ice dragon scales (melded)
 M - a +0 troll leather armour
 N - the +1 robe "Woeffyol" {rN++ Will++}
   (You found it in an ice cave)

   rN++:      It greatly protects you from negative energy.
   Will++:    It greatly increases your willpower.
Jewellery
 f - an amulet of regeneration (around neck)
 B - a +6 ring of strength (left hand)
 G - an amulet of faith
 O - the ring "Yhup" {Ice rElec Str-5 Int+2}
   (You found it in an ice cave)

   [ring of ice]

   Ice:       It enhances your ice magic.
   Str-5:     It affects your strength (-5).
   Int+2:     It affects your intelligence (+2).
   rF-:       It makes you vulnerable to fire.
   rC+:       It protects you from cold.
   rElec:     It insulates you from electricity.
Talismans
 c - a beast talisman
 d - a flux talisman
 Q - a serpent talisman (active)
Wands
 n - a wand of light (4)
 o - a wand of polymorph (28)
 v - a wand of mindburst (11)
 w - a wand of flame (18)
 E - a wand of digging (12)
 P - a wand of paralysis (11)
 R - a wand of roots (6)
Scrolls
 a - 2 scrolls of immolation
 g - a scroll of brand weapon
 h - 11 scrolls of teleportation
 i - 2 scrolls of poison
 j - 2 scrolls of enchant weapon
 k - a scroll of fear
 m - a scroll of revelation
 y - 2 scrolls of butterflies
 F - 2 scrolls of vulnerability
 L - a scroll of torment
 S - a scroll of enchant armour
 T - 2 scrolls of amnesia
 V - 3 scrolls of fog
Potions
 b - 5 potions of lignification
 e - 4 potions of brilliance
 l - 2 potions of invisibility
 q - a potion of heal wounds
 r - a potion of ambrosia
 s - 3 potions of might
 t - a potion of magic
 x - 3 potions of curing
 z - 2 potions of resistance
 A - 4 potions of attraction
 D - 2 potions of mutation
 W - a potion of enlightenment
 X - a potion of haste
 Y - a potion of berserk rage


   Skills:
 + Level 10.5 Fighting
 - Level 5.0 Armour
 - Level 8.0 Dodging
 + Level 12.7 Unarmed Combat
 * Level 7.6 Invocations
 * Level 15.8 Shapeshifting


You had 14 spell levels left.
You didn't know any spells.
Your spell library contained the following spells:

 Spells                   Type           Power      Damage    Failure   Level
 Sting                    Tmut/Pois      0%         1d3       41%         1
 Summon Small Mammal      Summ           0%         N/A       41%         1
 Lesser Beckoning         Tloc           0%         N/A       54%         2
 Poisonous Vapours        Pois/Air       0%         N/A       54%         2
 Static Discharge         Conj/Air       0%         2-2/arc   54%         2
 Wereblood                Tmut           0%         N/A       54%         2
 Call Canine Familiar     Summ           0%         N/A       78%         3
 Gell's Gravitas          Tloc           0%         N/A       78%         3
 Ozocubu's Armour         Ice            0%         N/A       78%         3
 Summon Guardian Golem    Hex/Summ       0%         N/A       78%         3
 Teleport Other           Tloc           0%         N/A       78%         3
 Airstrike                Air            0%         2d(0-16)  99%         4
 Anguish                  Hex/Necr       0%         N/A       99%         4
 Animate Armour           Summ/Erth      0%         N/A       99%         4
 Cause Fear               Hex            0%         N/A       99%         4
 Olgreb's Toxic Radiance  Pois           0%         N/A       99%         4
 Summon Lightning Spire   Summ/Air       0%         N/A       99%         4
 Irradiate                Conj/Tmut      0%         3d11      100%        5
 Lee's Rapid Deconstruct  Erth           0%         3d4*      100%        5
 Simulacrum               Ice/Necr       0%         N/A       100%        6
 Enfeeble                 Hex            0%         N/A       100%        7
 Ozocubu's Refrigeration  Ice            0%         4d7       100%        7
 Polar Vortex             Ice            0%         N/A       100%        9


Dungeon Overview and Level Annotations

Branches:
Dungeon (12/15)            Temple (1/1) D:4            Lair (5/5) D:10
  Swamp (0/4) Lair:2        Snake (0/4) Lair:3        Slime (0/5) Lair:4
    Orc (0/2) D:9         Ossuary (visited)           IceCv (visited)

Altars:
Ashenzari
Cheibriados
Dithmenos
Elyvilon
Fedhas
Gozag
Hepliaklqana
Kikubaaqudgha
Makhleb
Nemelex Xobeh
Okawaru
Qazlal
Ru
Sif Muna
Trog
Uskayaw
Vehumet
Wu Jian
Xom
Yredelemnul
Zin
The Shining One
Jiyva

Annotations:
D:6 1 runed translucent door, Sapher's ghost, weakling SpDe


Innate Abilities, Weirdness & Mutations

You are an enormous anaconda.
You have a powerful constriction melee attack.
Your maximum health is increased.
Your armour is entirely melded.
You are incapable of wielding weapons or throwing items.
You are too large for most types of armour.
((You have claws for hands.))
Your natural rate of healing is unusually fast.
((You are covered in fur. (AC +1)))
((You have tough skin. (AC +1)))


Message History

You destroy the skeletal warrior!
The skeletal warrior hits you with a +0 battleaxe.
The skeletal warrior hits you from afar with a +0 glaive!!
* * * LOW HITPOINT WARNING * * *
As you read the scroll labelled GIURGH XYEPNY, it crumbles to dust.
Your body is wracked with pain!
* * * LOW HITPOINT WARNING * * *
It was a scroll of torment.
The skeletal warrior closely misses you.
The skeletal warrior hits you from afar with a +0 glaive!
* * * LOW HITPOINT WARNING * * *
You feel much better.
The skeletal warrior hits you with a +0 battleaxe!
* * * LOW HITPOINT WARNING * * *
The skeletal warrior hits you from afar with a +0 glaive!
* * * LOW HITPOINT WARNING * * *
Okay, then.
A red film seems to cover your vision as you go berserk!
You feel yourself moving faster!
You feel mighty!
The skeletal warrior closely misses you.
The skeletal warrior barely misses you.
You lash the skeletal warrior!
You destroy the skeletal warrior!
Unknown command.
The skeletal warrior is no longer sharing its pain.
You see here a +0 trident.
You feel a strong urge to attack something.
You lash the skeletal warrior!
You destroy the skeletal warrior!
The skeletal warrior hits you with a +0 glaive!!
* * * LOW HITPOINT WARNING * * *
You body-slam the skeletal warrior!!
You grab the skeletal warrior.
The skeletal warrior is severely damaged.
You constrict the skeletal warrior. You hit the skeletal warrior.
The skeletal warrior is almost destroyed.
You constrict the skeletal warrior.
The skeletal warrior is no longer sharing its pain.
The skeletal warrior hits you with a +0 glaive!!
You die...

......# #.....# ......#
#.....# ......# #.....#
......# #..†### #+##..###
#...# #....# #...# #....#
#...#
#....#########z..########
#..........))S).........#
#..........#######......#
#..........#.....#......#
####..........#.....#......#
..............#.....#......#
#####.........+.....#......#
#...'.........####'##......#
#...#......................#
#.).#......................#


You could see a skeletal warrior.

Vanquished Creatures
  Kirke (Lair:3)
  An azure jelly (IceCv)
  2 quicksilver oozes (IceCv)
  Harold (D:11)
  An ice dragon (Lair:5)
  A catoblepas (Lair:3)
  2 two-headed ogres
  2 boulder beetles (Lair:5)
  A death yak (Lair:5)
  Nergalle (Lair:3)
  Amaemon (Lair:2)
  2 skysharks (Lair:4)
  4 skeletal warriors (D:12)
  3 lindwurms (Lair:5)
  2 manticores (D:11)
  2 cyclopes (D:12)
  22 elephants
  3 black mambas
  2 ice statues (IceCv)
  An orange demon (Lair:2)
  6 torpor snails (Lair:5)
  15 cane toads
  Maggie (D:10)
  3 rime drakes
  5 kobold demonologists
  8 komodo dragons
  4 ice devils
  3 trolls
  15 polar bears
  9 hornets (Lair:5)
  3 tyrant leeches (Lair:5)
  19 blink frogs
  2 raiju (Lair:5)
  13 dream sheep
  23 slime creatures (IceCv)
  8 wyverns
  7 hogs (Lair:3)
  71 yaks
  7 basilisks
  A chaos spawn (D:10)
  9 vampire mosquitoes
  A steam dragon (D:6)
  Grum (D:9)
  2 neqoxecs (D:10)
  Menkaure (D:5)
  2 acid dragons
  3 nagas (Lair:3)
  Duvessa (D:5)
  4 wargs (Lair:5)
  22 water moccasins
  15 hell hounds (Lair:5)
  7 orc warriors
  13 black bears
  4 great orb of eyes simulacra (IceCv)
  28 wolves
  5 centaurs
  A phantom (D:6)
  The ghost of Shym the Cutter, an amateur KoEn (D:3)
  4 kobold brigands
  A slime creature simulacrum (IceCv)
  2 elf zombies (Ossuary)
  15 bullfrogs
  3 scorpions
  4 glowing shapeshifter simulacra (IceCv)
  5 wights (D:7)
  15 killer bees
  An electric eel (Lair:1)
  A howler monkey (D:10)
  2 hounds
  A jelly (D:5)
  9 orc priests
  A human zombie (Ossuary)
  Crazy Yiuf (D:7)
  Jessica (D:2)
  4 iguanas
  Terence (D:2)
  20 orc wizards
  2 sleepcaps
  2 shapeshifter simulacra (IceCv)
  5 mummies
  8 gnolls
  11 adders
  2 shadow imps
  A white imp (D:6)
  4 ufetubi
  An adder zombie (Ossuary)
  A worm (D:2)
  A dart slug (D:5)
  42 orcs
  12 endoplasms
  A gnoll zombie (Ossuary)
  9 hobgoblins
  A jackal (D:5)
  21 kobolds
  6 quokkas
  7 ball pythons
  3 bats (D:1)
  4 frilled lizards
  7 goblins
  A goblin zombie (Ossuary)
  A hobgoblin zombie (Ossuary)
  3 jackal zombies (Ossuary)
  A kobold zombie (Ossuary)
  An orc zombie (Ossuary)
  6 rats
  A butterfly (D:3)
654 creatures vanquished.

Notes
Turn   | Place    | Note
-------+----------+-------------------------------------------
     0 | D:1      | Turgor the Troll Shapeshifter began the quest for the Orb.
     0 | D:1      | Reached XP level 1. HP: 18/18 MP: 0/0
    86 | D:1      | Reached skill level 1 in Fighting
   111 | D:1      | Reached XP level 2. HP: 23/27 MP: 1/1
   593 | D:1      | Reached XP level 3. HP: 31/33 MP: 2/2
   931 | D:2      | Noticed Jessica
   938 | D:2      | Killed Jessica
   939 | D:2      | Reached XP level 4. HP: 38/41 MP: 3/3
  1058 | D:2      | Noticed Terence
  1271 | D:2      | Killed Terence
  1272 | D:2      | Reached skill level 4 in Shapeshifting
  1473 | D:3      | Found a shimmering altar of Xom.
  1550 | D:3      | Reached XP level 5. HP: 49/49 MP: 4/4
  1662 | D:3      | Noticed Shym's ghost (amateur KoEn)
  1665 | D:3      | Found a runed translucent door.
  1680 | D:3      | Killed Shym's ghost
  1839 | D:3      | Reached XP level 6. HP: 57/57 MP: 5/5
  2362 | D:4      | Found a staircase to the Ecumenical Temple.
  2375 | D:4      | Reached skill level 5 in Shapeshifting
  2379 | Temple   | Entered the Ecumenical Temple
  2392 | Temple   | Became a worshipper of Uskayaw the Reveller
  2441 | D:4      | Reached * piety under Uskayaw
  2526 | D:4      | Found an opulent altar of Gozag.
  2533 | D:4      | Found a radiant altar of Vehumet.
  2709 | D:5      | Entered Level 5 of the Dungeon
  2718 | D:5      | Noticed Edmund
  2719 | D:5      | Edmund changed into Edmund the quokka
  2719 | D:5      | Noticed Edmund
  2722 | D:5      | Killed Edmund the quokka
  2812 | D:5      | Reached ** piety under Uskayaw
  2815 | D:5      | Reached XP level 7. HP: 66/66 MP: 6/6
  2931 | D:5      | Reached *** piety under Uskayaw
  2940 | D:5      | Reached **** piety under Uskayaw
  3370 | D:5      | Noticed Dowan
  3372 | D:5      | Noticed Duvessa
  3380 | D:5      | Noticed Menkaure
  3462 | D:5      | Killed Duvessa
  3464 | D:5      | Dowan changed into Dowan the jackal
  3464 | D:5      | Noticed Dowan
  3465 | D:5      | Killed Dowan the jackal
  3481 | D:5      | Killed Menkaure
  3482 | D:5      | Reached skill level 5 in Unarmed Combat
  3482 | D:5      | Reached skill level 6 in Shapeshifting
  3537 | D:5      | Reached XP level 8. HP: 68/75 MP: 7/7
  3633 | D:6      | Noticed Sapher's ghost (weakling SpDe)
  3633 | D:6      | Found a runed translucent door.
  3633 | D:6      | Found a shimmering altar of Xom.
  3634 | D:6      | Noticed a +0 dagger of chaos
  3689 | D:6      | Found a sand-covered staircase.
  3698 | Ossuary  | Entered an ossuary
  4131 | D:6      | Reached skill level 7 in Shapeshifting
  4302 | D:6      | Reached XP level 9. HP: 84/84 MP: 8/8
  4613 | D:7      | Identified the +3 scale mail of Lugonu's Castigation {rN++
                  | Int-4 Dex+3}
  4639 | D:7      | Reached skill level 5 in Dodging
  4733 | D:7      | Reached skill level 8 in Shapeshifting
  4861 | D:7      | Found a runed translucent door.
  4862 | D:7      | Noticed Crazy Yiuf
  4912 | D:7      | Found a sacrificial altar of Ru.
  5203 | D:7      | Reached skill level 5 in Fighting
  5370 | D:7      | Killed Crazy Yiuf
  5593 | D:8      | Found a sparkling altar of Nemelex Xobeh.
  5856 | D:8      | Reached XP level 10. HP: 96/96 MP: 4/9
  5861 | D:8      | Reached skill level 9 in Shapeshifting
  5934 | D:8      | Noticed a two-headed ogre
  5942 | D:8      | Killed a two-headed ogre
  6482 | D:9      | Noticed Grum
  6537 | D:9      | Killed Grum
  6585 | D:9      | Found a snail-covered altar of Cheibriados.
  6597 | D:9      | Reached ***** piety under Uskayaw
  7039 | D:9      | Found a staircase to the Orcish Mines.
  7139 | D:9      | Found a broken altar of Ashenzari.
  7139 | D:9      | Found a white marble altar of Elyvilon.
  7139 | D:9      | Found an ornate altar of the Wu Jian Council.
  7170 | D:9      | Reached skill level 10 in Shapeshifting
  7220 | D:9      | Found a blossoming altar of Fedhas.
  7342 | D:10     | Entered Level 10 of the Dungeon
  7342 | D:10     | Noticed Maggie
  7348 | D:10     | Killed Maggie
  7475 | D:10     | Reached XP level 11. HP: 94/107 MP: 10/10
  7705 | D:10     | Found a staircase to the Lair.
  7796 | D:10     | Found a glowing golden altar of the Shining One.
  8133 | D:10     | Lost intelligence.
  8168 | D:10     | Reached skill level 11 in Shapeshifting
  8636 | D:11     | Found a frozen archway.
  8655 | D:11     | Reached ****** piety under Uskayaw
  8685 | IceCv    | Entered an ice cave
  8997 | IceCv    | Reached skill level 1 in Armour
  9000 | IceCv    | Reached XP level 12. HP: 99/118 MP: 11/11
  9214 | IceCv    | Reached skill level 12 in Shapeshifting
  9288 | IceCv    | Noticed a quicksilver ooze
  9296 | IceCv    | Killed a quicksilver ooze
  9383 | IceCv    | Found a viscous altar of Jiyva.
  9383 | IceCv    | Noticed an azure jelly
  9397 | IceCv    | Killed an azure jelly
  9419 | IceCv    | Noticed a quicksilver ooze
  9433 | IceCv    | Killed a quicksilver ooze
  9539 | IceCv    | Identified the +1 robe "Woeffyol" {rN++ Will++}
  9544 | IceCv    | Got the ring "Yhup" {Ice rElec Str-5 Int+2}
  9674 | D:11     | Noticed Harold
  9691 | D:11     | Killed Harold
  9861 | D:11     | Reached skill level 10 in Unarmed Combat
  9948 | D:11     | Noticed a two-headed ogre
  9954 | D:11     | Killed a two-headed ogre
  9999 | D:11     | Upgraded the game from 0.31-a0-626-g8143ab4f1d to
                  | 0.31-a0-640-g39d97e502b
 10035 | Lair:1   | Entered Level 1 of the Lair of Beasts
 10499 | Lair:1   | Reached XP level 13. HP: 128/128 MP: 12/12
 10662 | Lair:1   | Reached skill level 5 in Armour
 10751 | Lair:1   | Reached skill level 13 in Shapeshifting
 11526 | Lair:2   | Noticed Amaemon
 11533 | Lair:2   | Killed Amaemon
 12009 | Lair:2   | Found a staircase to the Swamp.
 12314 | Lair:3   | Reached skill level 14 in Shapeshifting
 12447 | Lair:3   | Reached skill level 1 in Invocations
 12456 | Lair:3   | Noticed Nergalle
 12512 | Lair:3   | Killed Nergalle
 12620 | Lair:3   | Found a staircase to the Snake Pit.
 13094 | Lair:3   | Noticed Kirke
 13480 | Lair:3   | Reached XP level 14. HP: 106/140 MP: 15/15
 13552 | Lair:3   | Noticed a sphinx
 13554 | Lair:3   | Killed Kirke
 13780 | Lair:4   | Upgraded the game from 0.31-a0-640-g39d97e502b to
                  | 0.31-a0-654-gbe3e110b4e
 14367 | Lair:4   | Found a runed translucent door.
 14368 | Lair:4   | Found a viscous altar of Jiyva.
 14372 | Lair:4   | Found a staircase to the Slime Pits.
 14634 | Lair:5   | Entered Level 5 of the Lair of Beasts
 14788 | Lair:5   | Reached skill level 5 in Invocations
 14927 | Lair:5   | Reached skill level 15 in Shapeshifting
 14936 | Lair:5   | Reached skill level 10 in Fighting
 15533 | Lair:5   | Identified 2 scrolls of acquirement
 15816 | Lair:5   | Found a runed translucent door.
 15913 | Lair:5   | Reached XP level 15. HP: 149/149 MP: 19/19
 16083 | Lair:5   | Paralysed by a hornet for 1 turns
 16162 | Lair:5   | Acquired the +7 shadow dragon scales of Divine Wonder
                  | {rCorr MP+9 Int+2 Stlth++++}
 16164 | Lair:5   | Acquired 754 gold pieces
 16691 | D:12     | HP: 2/182 [skeletal warrior/+0 glaive (15)]
 16697 | D:12     | HP: 1/273 [skeletal warrior/+0 glaive (22)]
 16699 | D:12     | Demolished by a skeletal warrior

Illustrated notes

Levels and vault maps discovered:
D:1:      minmay_arrival_jagged, layout_loops_cross, minmay_unequal
D:2:      layout_basic, grunt_decor_cap, uniq_terence, uniq_jessica
D:3:      layout_loops_ring, xom_butterflies, hellmonk_ghost_happy_afterlife,
          grunt_ministairs_6
D:4:      layout_rooms, nicolae_overflow_squiral,
          minmay_temple_entry_proselytizer
D:5:      layout_cave_pods, dreamdust_princess_bridge, uniq_duvessa,
          uniq_menkaure, uniq_edmund
D:6:      minmay_flawed_box, layout_gridville, ebering_ghost_xom,
          gup_ossuary_entry_pyramid, nrook_mini_vaults
D:7:      layout_loops_ring, nicolae_ru_awakened_eye, uniq_crazy_yiuf_cottage
D:8:      layout_basic, mainiacjoe_overflow_24_doors
D:9:      layout_roguey, overflow_temple_1_default, lemuel_crystal_altar,
          gammafunk_temple_overflow_claw, david_orc_4, uniq_grum
D:10:     layout_basic, tso_metal_star, minmay_lair_entry_grove,
          nicolae_neqoxec_dot_bat, uniq_maggie
D:11:     layout_long_grid, portal_ice_cave_demonic_guard,
          hangedman_abyss_or_decor_lesser_grid, uniq_harold
D:12:     layout_irregular_city, uniq_josephine
Temple:   nicolae_temple_ecumenical_triangle
Lair:1:   layout_loops_ring, nicolae_quartered_pool_medium,
          serial_bayou_shore_a, lemuel_fruit_tree, grunt_megastairs_5
Lair:2:   layout_gridlike, minmay_swamp_entry_swarm, grunt_megastairs_4,
          infiniplex_staircase_pool, uniq_amaemon
Lair:3:   layout_cave_pods, minmay_snake_entry_guardpost_small,
          chequers_serial_rivers_large_a, st_stairs_3, uniq_nergalle, uniq_kirke
Lair:4:   layout_roguey, slime_entry_2, hangedman_lair_unloving_vines
Lair:5:   wormcave, layout_misc_corridors, hangedman_lair_caniforms_friends,
          minivault_23, grunt_megastairs_3

Skill      XL: |  1  2  3  4  5  6  7  8  9 10 11 12 13 14 15 |
---------------+----------------------------------------------+-----
Fighting       | 1 2 3 4 5 6 7 8 9 10 | 10.5
Dodging        | 2 3 4 5 6 7 8 |  8.0
Shapeshifting  | 4 5 6 7 8 10 11 12 14 15 | 15.8
Unarmed Combat | 4 5 6 7 8 9 10 11 12 | 12.7
Armour         | 1 4 5 |  5.0
Invocations    | 2 6 7 |  7.6

Action                     |  1- 3 |  4- 6 |  7- 9 | 10-12 | 13-15 || total
---------------------------+-------+-------+-------+-------+-------++-------
  Melee: Unarmed           |    91 |   125 |   346 |   632 |   760 ||  1954
         Punch             |     3 |     2 |     4 |       |     1 ||    10
         Constrict         |       |       |       |     1 |   160 ||   161
  Throw: Dart              |       |       |     6 |       |       ||     6
         Throwing net      |       |       |     2 |       |       ||     2
 Invoke: Stomp             |       |       |     1 |     4 |     3 ||     8
         Line Pass         |       |       |     4 |    10 |     1 ||    15
         Grand Finale      |       |       |       |       |     2 ||     2
  Evoke: Wand              |       |     1 |    10 |    20 |    13 ||    44
    Use: Scroll            |     2 |     5 |    10 |     4 |    18 ||    39
         Potion            |       |     1 |     6 |     7 |     5 ||    19
   Stab: Sleeping          |     2 |       |     1 |       |     1 ||     4
         Paralysed         |       |       |     9 |    30 |    55 ||    94
         Confused          |       |       |     1 |     1 |     1 ||     3
 Armour: Animal skin       |    30 |    24 |    82 |    24 |       ||   160
         Skin              |       |     2 |     2 |     7 |   263 ||   274
         Steam dragon scal |       |       |       |    30 |       ||    30
         Troll leather arm |       |       |       |    17 |       ||    17
         Ice dragon scales |       |       |       |   128 |       ||   128
  Dodge: Dodged            |    45 |    53 |   180 |   267 |   357 ||   902
   Form: Flux              |       |       |     1 |       |       ||     1
         Anaconda          |       |       |       |     1 |       ||     1

Table legend: (Time is in decaauts)
 A = Elapsed time spent in this place.
 B = Non-inter-level travel time spent in this place.
 C = Inter-level travel time spent in this place.
 D = Time resting spent in this place.
 E = Time spent auto-exploring this place.
 F = Levels seen in this place.
 G = Mean time per level.
                   A        B        C        D        E       F      G
               +--------+--------+--------+--------+--------+-----+--------+
         Total |  16505 |  15875 |    630 |    904 |  10264 |  20 |  825.2 |
       Dungeon |   9297 |   8882 |    415 |    291 |   6194 |  12 |  774.8 |
        Temple |     22 |     14 |      8 |      0 |      0 |   1 |   22.0 |
          Lair |   6044 |   5837 |    207 |    433 |   3709 |   5 | 1208.8 |
       Ossuary |    230 |    230 |      0 |     33 |     82 |   1 |  230.0 |
      Ice Cave |    909 |    909 |      0 |    146 |    279 |   1 |  909.0 |
               +--------+--------+--------+--------+--------+-----+--------+

Top non-repeatable levels by time:
  Lair:5: 1452 daAuts
  Lair:3: 1368 daAuts
  Lair:1: 1173 daAuts
    D:10: 1117 daAuts
  Lair:4: 1084 daAuts
     D:8: 1050 daAuts
  Lair:2: 966 daAuts
   IceCv: 909 daAuts
     D:5: 898 daAuts
     D:7: 849 daAuts
     D:9: 823 daAuts
     D:1: 748 daAuts
    D:11: 744 daAuts
     D:6: 721 daAuts
     D:3: 692 daAuts
